 Dungeon Crawl Stone Soup version 0.25-a0-316-gd28d56f9c5 (webtiles) character file.

Game seed: 9033581678781453446, levelgen mode: deterministic

39 vishdafish the Skirmisher (level 3, -1/31 HPs)
             Began as a Centaur Fighter on Dec 24, 2019.
             Slain by Natasha (4 damage)
             ... on level 2 of the Dungeon.
             The game lasted 00:01:27 (1215 turns).

vishdafish the Skirmisher (Centaur Fighter)         Turns: 1215, Time: 00:01:28

Health: -1/31      AC:  6    Str: 18    XL:     3   Next: 26%
Magic:  3/3        EV:  5    Int:  8    God:
Gold:   46         SH:  8    Dex:  8    Spells: 2/2 levels left

rFire    . . .     SeeInvis .   a - +0 trident
rCold    . . .     Gourm    .   c - +0 shield
rNeg     . . .     Faith    .   b - +0 scale mail
rPois    .         Spirit   .   (no helmet)
rElec    .         Reflect  .   (no cloak)
rCorr    .         Harm     .   (no gloves)
MR       .....                  (no barding)
Stlth    ..........             (no amulet)
HPRegen  0.10/turn              (no ring)
MPRegen  0.08/turn              (no ring)

@: very quick
A: large, hooves 3, deformed body, speed 2, tough skin 3
a: no special abilities


You were on level 2 of the Dungeon.
You were hungry.

You visited 1 branch of the dungeon, and saw 2 of its levels.

You collected 46 gold pieces.

Inventory:

Hand Weapons
 a - a +0 trident (weapon)
Missiles
 i - 36 arrows
Armour
 b - a +0 scale mail (worn)
 c - a +0 shield (worn)
Scrolls
 h - a scroll of enchant weapon {unknown}
Potions
 d - a potion of might
 e - 3 potions of ambrosia {unknown}
 g - a potion of heal wounds {unknown}
 j - a potion of curing {unknown}
Comestibles
 f - a ration


   Skills:
 + Level 3.4 Fighting
 + Level 2.3 Polearms
 + Level 2.5 Armour
 - Level 2.3 Shields


You had 2 spell levels left.
You didn't know any spells.
Your spell library was empty.

Dungeon Overview and Level Annotations

Branches:
Dungeon (2/15)

Altars:

Annotations:
D:2 Natasha


Innate Abilities, Weirdness & Mutations

You have hooves in place of feet.
Armour fits poorly on your strangely shaped body.
You cover ground very quickly.
You have extremely tough skin. (AC +3)


Message History

You are too injured to fight recklessly!
You closely miss Natasha. You kick Natasha.
Natasha is moderately wounded.
You block Natasha's attack.
You closely miss Natasha.
Natasha is moderately wounded.
Natasha extends her claws.
Natasha claws you. Natasha barely misses you.
You closely miss Natasha.
Natasha is moderately wounded.
Natasha claws you!
* * * LOW HITPOINT WARNING * * *
You barely miss Natasha.
Natasha is moderately wounded.
Natasha claws you.
* * * LOW HITPOINT WARNING * * *
You closely miss Natasha.
Natasha is moderately wounded.
Natasha claws you.
You die...

#.# #.#####
#####.#...#.# ###
...#.#...#.#....
##.#.#...#.#..#
+....'..<+....#
##.###...#.##.#
+.<..+........#
######..@...#.#
.......h.[.#
.......(...+
########......##
#..............#
##.......####...#
...........h....#
...........5....+
.........5$#....#


You could see Natasha.

Vanquished Creatures
  An adder (D:1)
  A leopard gecko (D:1)
  3 goblins (D:1)
  6 hobgoblins
  5 bats (D:1)
  3 frilled lizards (D:1)
  3 kobolds
  7 rats
29 creatures vanquished.

Notes
Turn   | Place    | Note
-------+----------+-------------------------------------------
     0 | D:1      | vishdafish the Centaur Fighter began the quest for the Orb.
     0 | D:1      | Reached XP level 1. HP: 19/19 MP: 1/1
   438 | D:1      | Reached XP level 2. HP: 26/26 MP: 2/2
  1006 | D:2      | Noticed Natasha
  1009 | D:2      | Noticed a crimson imp
  1018 | D:2      | Noticed a crimson imp
  1021 | D:2      | Noticed a crimson imp
  1034 | D:1      | Reached XP level 3. HP: 15/31 MP: 3/3
  1215 | D:2      | Slain by Natasha

Levels and vault maps discovered:
D:1:      shiori_arrival_elements, layout_loops_ring
D:2:      layout_basic, first_ration, uniq_crazy_yiuf_cottage, uniq_terence,
          uniq_natasha

Skill      XL: |  1 |
---------------+----+-----
Polearms       | 2 |  2.3
Fighting       | |  3.4
Armour         | |  2.5
Shields        | |  2.3

Action                   || total
-------------------------++-------
Melee: Trident           ||   114
       Kick              ||    14
Armor: Scale mail        ||    60
Dodge: Dodged            ||    26
Block: Shield            ||    41

Table legend:
 A = Non-vault XP
 B = Vault XP
 C = Vault XP percentage of total XP
 D = Non-vault monster count
 E = Vault monster count
 F = Vault count percentage of total count
                 A         B        C        D         E       F
            +---------+---------+-------+---------+---------+-------
      Total |      56 |       0 |   0.0 |      29 |       0 |   0.0
            +---------+---------+-------+---------+---------+-------
        D:1 |      51 |       0 |   0.0 |      26 |       0 |   0.0
        D:2 |       5 |       0 |   0.0 |       3 |       0 |   0.0
            +---------+---------+-------+---------+---------+-------
